 Dungeon Crawl Stone Soup version 0.29.0-15-g675c0067aa (webtiles) character file.

Game seed: 14077998149866437630

21 qw the Sneak (level 2, 0/19 HPs)
             Began as a Gargoyle Delver on Sept 11, 2022.
             Slain by an adder (1 damage)
             ... on level 4 of the Dungeon.
             The game lasted 00:00:07 (470 turns).

qw the Sneak (Gargoyle Delver)                       Turns: 470, Time: 00:00:07

Health: 0/19       AC:  5    Str: 15    XL:     2   Next: 83%
Magic:  2/2        EV: 11    Int: 10    God:
Gold:   0          SH:  0    Dex: 11    Spells: 1/1 levels left

rFire   . . .      SeeInvis .   a - +0 hand axe
rCold   . . .      Faith    .   (no shield)
rNeg    + . .      Spirit   .   b - +0 leather armour
rPois   inf        Reflect  .   (no helmet)
rElec   +          Harm     .   (no cloak)
rCorr   .          Rampage  .   (no gloves)
Will    .....                   (no boots)
Stlth   +++.......              (no amulet)
HPRegen 0.06/turn               (no ring)
MPRegen 0.08/turn               (no ring)

@: no status effects
A: sickness immunity, AC +2, negative energy resistance 1, electricity
resistance, torment resistance 1, petrification resistance
a: no special abilities


You were on level 4 of the Dungeon.
You visited 1 branch of the dungeon, and saw 2 of its levels.


Innate Abilities, Weirdness & Mutations

You are immune to sickness and miasma.
Your stone body is resilient. (AC +2)
You are immune to poison.
You resist negative energy. (rN+)
You are resistant to electric shocks. (rElec)
You are resistant to unholy torment.
You are immune to petrification.


   Skills:
 - Level 3.2 Fighting
 + Level 3.0 Axes
 - Level 1.5 Dodging
 - Level 5.4 Stealth


You had one spell level left.
You didn't know any spells.
Your spell library was empty.

Inventory:

Hand Weapons
 a - a +0 hand axe (weapon)
 e - a +0 whip
Missiles
 c - 3 silver boomerangs (quivered)
Armour
 b - a +0 leather armour (worn)
 d - a +0 ring mail
 i - a +0 chain mail
Wands
 g - a wand of digging (3)
Scrolls
 h - a scroll of teleportation {unknown}
Potions
 f - a potion of haste
 j - a potion of brilliance {unknown}

Dungeon Overview and Level Annotations

Branches:
Dungeon (5/15)
 Temple: D:4-7

Altars:


Message History

You hit the adder.
The adder is heavily wounded.
The adder barely misses you. x2
You closely miss the adder.
The adder is heavily wounded.
The adder barely misses you.
You barely miss the adder.
The adder is heavily wounded.
The adder bites you but does no damage. The adder bites you.
You barely miss the adder.
The adder is heavily wounded.
You hit the goblin but do no damage. The adder bites you but does no damage.
The goblin hits you but does no damage.
You closely miss the adder.
The adder is heavily wounded.
You barely miss the goblin. The adder bites you. The goblin barely misses you.
The adder bites you but does no damage.
You hit the adder but do no damage.
The adder is heavily wounded.
You hit the goblin. The adder bites you.
The goblin hits you but does no damage. The adder barely misses you.
You hit the adder but do no damage.
The adder is heavily wounded.
You hit the goblin. The goblin hits you with a +0 dagger. The adder bites you.
The goblin barely misses you.
You slash the goblin!
You kill the goblin!
You hit the adder. The adder closely misses you. The adder barely misses you.
Your Axes skill increases to level 3!
You hit the adder.
The adder is severely wounded.
The adder closely misses you.
You hit the adder.
The adder is almost dead.
The adder bites you. x2
You die...

####....#.... ##
#..)......### . .
#.##........# .. #.
#.#########.# #..#)##
#....# #.# #.....
####.# #.# #.... #.#
#.#
#...########.######.#
#..)@..........>.....
##.S########.##.###.#
#.. #..%.....# #..
####.#.#.# #..
#.#.#.# ... #.#.#.#
...$ #.#.#.# ....
#.#.#.. #.#.#


You could see an adder.

Vanquished Creatures
  An adder (D:4)
  3 orcs (D:4)
  2 goblins (D:4)
  A hobgoblin (D:4)
  A kobold (D:4)
8 creatures vanquished.

Notes
Turn   | Place    | Note
-------+----------+-------------------------------------------
     0 | D:5      | qw the Gargoyle Delver began the quest for the Orb.
     0 | D:5      | Reached XP level 1. HP: 14/14 MP: 1/1
     0 | D:5      | 0 ||| qw: Version: 0.1-a-117-gfe26ee0
     0 | D:5      | 0 ||| qw: Game counter: 9994
     0 | D:5      | 0 ||| qw: Always use a shield: true
     0 | D:5      | 0 ||| qw: God list: Okawaru
     0 | D:5      | 0 ||| qw: Allow faded altars: false
     0 | D:5      | 0 ||| qw: Do Orc after D:15 true
     0 | D:5      | 0 ||| qw: Do second Lair branch before Depths: true
     0 | D:5      | 0 ||| qw: Lair rune preference: random
     0 | D:5      | 0 ||| qw: Plans: Normal
     0 | D:5      | 0 ||| PLANNING D:1-11
     0 | D:5      | 0 ||| DROPPING scroll of fog.
     1 | D:5      | 1 ||| DROPPING scroll of magic mapping.
     2 | D:5      | 2 ||| DROPPING scroll of fear.
     7 | D:4      | 7 ||| PLANNING OSSUARY
    16 | D:4      | HP: 2/14 [orc/+0 dagger (3)]
   313 | D:4      | Reached XP level 2. HP: 15/19 MP: 2/2
   467 | D:4      | HP: 4/19 [adder (1)]
   469 | D:4      | Reached skill level 3 in Axes
   470 | D:4      | HP: 1/19 [adder (3)]
   470 | D:4      | Slain by an adder

Levels and vault maps discovered:
D:4:      layout_basic, gammafunk_temple_overflow_claw, enter_ossuary_2
D:5:      layout_gridville, mainiacjoe_overflow_alcove_4,
          minmay_temple_entry_enclosed_plants, gammafunk_ghost_stat_death,
          serial_bayou_pond_e, item_on_display_a

Skill      XL: |  1  2 |
---------------+-------+-----
Axes           | 2 3 |  3.0
Fighting       | |  3.2
Dodging        | |  1.5
Stealth        | |  5.4

Action                   || total
-------------------------++-------
Melee: Hand axe          ||    32
Throw: Boomerang         ||     3
Armor: Leather armour    ||    13
Dodge: Dodged            ||    21

Table legend:
 A = Non-vault XP
 B = Vault XP
 C = Vault XP percentage of total XP
 D = Non-vault monster count
 E = Vault monster count
 F = Vault count percentage of total count
                 A         B        C        D         E       F
            +---------+---------+-------+---------+---------+-------
      Total |      30 |       0 |   0.0 |       8 |       0 |   0.0
            +---------+---------+-------+---------+---------+-------
        D:4 |      30 |       0 |   0.0 |       8 |       0 |   0.0
            +---------+---------+-------+---------+---------+-------
